 Dungeon Crawl Stone Soup version 0.28.0-45-g0d030f2227 (webtiles) character file.

Game seed: 1437191480226062567

113 zeratav the Insei (level 4, -4/29 HPs)
             Began as an Octopode Transmuter on Apr 9, 2022.
             Slain by an orc
             ... wielding a +0 flail
              (7 damage)
             ... on level 4 of the Dungeon.
             The game lasted 00:04:25 (4355 turns).

zeratav the Insei (Octopode Transmuter)             Turns: 4355, Time: 00:04:25

Health: -4/29      AC:  1    Str:  9    XL:     4   Next: 96%
Magic:  25/25      EV: 13    Int: 19    God:
Gold:   105        SH:  0    Dex: 14    Spells: 6/7 levels left

rFire   . . .      SeeInvis .   h - +10 short sword of the Valley of Death {freeze, rC- rN++ MP+9 Int+4, short}
rCold   x . .      Faith    .   (no shield)
rNeg    + + .      Spirit   .   (helmet restricted)
rPois   .          Reflect  .   (no amulet)
rElec   .          Harm     .   b - ring of magical power
rCorr   .          Rampage  .   (no ring)
Will    .....                   (no ring)
Stlth   +++.......              (no ring)
HPRegen 0.09/turn               (no ring)
MPRegen 0.19/turn               (no ring)
                                (no ring)
                                (no ring)

@: no status effects
A: almost no armour, amphibious, 8 rings, camouflage 1, gelatinous body 1,
(nimble swimmer 1), tentacles
a: no special abilities


You were on level 4 of the Dungeon.
You visited 1 branch of the dungeon, and saw 4 of its levels.

You collected 105 gold pieces.


Innate Abilities, Weirdness & Mutations

You cannot wear most types of armour.
You are amphibious.
You can wear up to eight rings at the same time.
Your skin changes colour to match your surroundings (Stealth+).
Your rubbery body absorbs attacks. (AC +1, EV +1)
((You are camouflaged when in or above water. (Stealth+)))
You have tentacles for arms and can constrict up to eight enemies at once.


   Skills:
 + Level 2.1 Fighting
 + Level 2.8 Dodging
 + Level 2.5 Stealth
 * Level 4.1 Unarmed Combat
 - Level 2.0 Spellcasting
 - Level 2.0 Transmutations


You had 6 spell levels left.
You knew the following spells:

 Your Spells              Type           Power      Damage    Failure   Level
a - Beastly Appendage     Tmut           18%        N/A       8%          1

Your spell library contained the following spells:

 Spells                   Type           Power      Damage    Failure   Level
 Wereblood                Tmut           9%         N/A       11%         2
 Static Discharge         Conj/Air       1%         N/A       26%         2
 Spider Form              Tmut/Pois      5%         N/A       32%         3
 Ice Form                 Ice/Tmut       5%         N/A       73%         4
 Dispel Undead            Necr           1%         3d6       86%         4
 Sticky Flame             Conj/Fire      1%         2d3       86%         4

Inventory:

Hand Weapons
 h - the +10 short sword of the Valley of Death (weapon) {freeze, rC- rN++ MP+9 Int+4, short}
   (You found it on level 3 of the Dungeon)

   It freezes those it strikes, dealing additional cold damage.
   It can also slow down cold-blooded creatures.
   Int:       It affects your intelligence (+4).
   rC:        It makes you vulnerable to cold.
   rN:        It greatly protects you from negative energy.
   MP:        It affects your magic capacity (+9).
 j - the +4 spear of the Eggplant {vorpal, Str-2 Int+8, polearm}
   (You found it on level 4 of the Dungeon)

   It inflicts extra damage upon your enemies.
   Str:       It affects your strength (-2).
   Int:       It affects your intelligence (+8).
Jewellery
 b - a ring of magical power (left tentacle)
   (You found it on level 1 of the Dungeon)
 l - an amulet of magic regeneration {@e2}
   (You found it on level 4 of the Dungeon)
Scrolls
 a - 3 scrolls of identify {unknown}
 c - a scroll of torment {unknown}
 d - a scroll of vulnerability {unknown}
 e - a scroll of amnesia {unknown}
 f - a scroll of magic mapping {unknown}
 i - a scroll of fog {unknown}
Potions
 g - a potion of attraction {unknown}
 k - a potion of curing {unknown}

Dungeon Overview and Level Annotations

Branches:
Dungeon (4/15)
 Temple: D:4-7

Altars:

#.....######.#.
#.......O...... #.....#
#####.. #.....# #.>
#.....# ### ####.....#
#........#########
######o{..###.....o....
#....o@.o.##..#########
#.....######.## .......
####.....# #. ...o...
.........# #. ..o.o..
.........# .. ..oo...
.........# .. .oo....
.........# ... .......
#........# .......
#........# #######


You could see 3 orcs.


Message History

There are monsters nearby!
You miscast Beastly Appendage.
You are very lightly contaminated with residual magic.
Nothing appears to happen.
MP[-1]
You lost 1 mp, and now have 24/25 mp.
The kobold barely misses you.
You puncture the kobold! You freeze the kobold.
You kill the kobold!
No target in view!
No target in view!
MP[+1]
Your mp is fully restored (25).
No target in view!
No target in view!
No target in view!
No target in view!
No target in view!
No target in view!
No target in view!
No target in view!
No target in view!
No target in view!
No target in view!
No target in view!
No target in view!
No target in view!
No target in view!
Things that are here:
a +0 club {mace}; a kobold corpse Your magical contamination has completely faded away.
k - a fizzy black potion
l - an amulet of magic regeneration {@e2} An endoplasm comes into view.
An endoplasm is nearby!
Found a stone staircase leading down.
The helpless endoplasm fails to defend itself.
You impale the endoplasm!! You freeze the endoplasm.
You kill the endoplasm!
No target in view!
No target in view!
No target in view!
No target in view!
No target in view!
No target in view!
No target in view!
No target in view!
No target in view!
No target in view!
No target in view!
No target in view!
An ogre comes into view. It is wielding a +0 giant club.
Okay, then.
An orc and an orc wizard come into view. 2 orcs come into view.
An orc priest and an orc come into view.
The orc shouts!
The orc wizard shouts!
The orc shouts! x3
The orc priest shouts!
The orc shouts!
The orc jeers to no one in particular.
The orc wizard mumbles some strange words.
The orc wizard flickers and vanishes!
Deactivating autopickup; reactivate with Ctrl-A.
A puff of flame appears from out of thin air!
The puff of flame hits you!
HP[-7]
You take 7 damage, and now have 22/29 hp.
MASSIVE DAMAGE!! (PAUSE)
The orc completely misses you.
You hit the orc but do no damage. Your grab misses the orc.
The orc barely misses you. Something hits you. The orc closely misses you.
HP[-3]
You take 3 damage, and now have 19/29 hp.
You barely miss the orc. You grab the orc.
You constrict the orc, but do no damage.
The orc hits you with a +0 flail. Something hits you.
* * * LOW HITPOINT WARNING * * *
The orc barely misses you.
HP[-5]
You take 5 damage, and now have 14/29 hp.
You hit the orc. You freeze the orc.
You constrict the orc, but do no damage.
The orc closely misses you. The orc barely misses you. Something hits you.
* * * LOW HITPOINT WARNING * * *
The orc barely misses you. The orc closely misses you.
HP[-2]
You take 2 damage, and now have 12/29 hp.
You hit the orc but do no damage.
You constrict the orc, but do no damage.
The orc barely misses you. Something hits you.
* * * LOW HITPOINT WARNING * * *
The orc hits you from afar with a +0 trident!
* * * LOW HITPOINT WARNING * * *
HP[-9]
You take 9 damage, and now have 3/29 hp.
MASSIVE DAMAGE!! (PAUSE)
You hit the orc but do no damage.
You constrict the orc, but do no damage.
The orc hits you with a +0 flail!
You die...

Skill      XL: |  1  2  3  4 |
---------------+-------------+-----
Stealth        | 1 2 |  2.5
Fighting       | 2 |  2.1
Unarmed Combat | 4 |  4.1
Dodging        | |  2.8
Spellcasting   | |  2.0
Transmutations | |  2.0

Action                   |  1- 3 |  4- 6 || total
-------------------------+-------+-------++-------
Melee: Unarmed           |    99 |    18 ||   117
       Kick              |    11 |       ||    11
       Constrict         |    20 |     4 ||    24
       Tentacles         |    14 |     7 ||    21
       Punch             |     3 |     1 ||     4
       Short sword       |       |    15 ||    15
 Cast: Beastly Appendage |    16 |       ||    16
 Stab: Sleeping          |    13 |     6 ||    19
       Distracted        |     1 |       ||     1
Armor: Skin              |     6 |     4 ||    10
Dodge: Dodged            |    55 |    21 ||    76

Levels and vault maps discovered:
D:1:      enne_arrival_octagon_isle, layout_loops_ring, serial_forest,
          infiniplex_forest_zigzag_1, infiniplex_forest_lined_2,
          infiniplex_forest_clump_small, infiniplex_forest_clump_long,
          infiniplex_forest_end_2, infiniplex_forest_end_1,
          infiniplex_forest_corner_1, item_on_display_a
D:2:      layout_basic, nicolae_ecumenical_snake_handling
D:3:      layout_basic
D:4:      cheibrodos_pilgrimage, layout_basic, serial_shops, shop,
          kennysheep_generic_room_4

Notes
Turn   | Place    | Note
-------+----------+-------------------------------------------
     0 | D:1      | zeratav the Octopode Transmuter began the quest for the
                  | Orb.
     0 | D:1      | Reached XP level 1. HP: 13/13 MP: 3/3
     0 | D:1      | magus.rc [v1.9.6]
   721 | D:1      | Reached XP level 2. HP: 10/18 MP: 5/5
   852 | D:1      | Reached skill level 1 in Stealth
  1516 | D:1      | You pick up a book of Touch and begin reading...
  1516 | D:1      | You add the spells Static Discharge, Sticky Flame and
                  | Dispel Undead to your library.
  1566 | D:1      | HP: 4/18 [kobold/+0 short sword (4)]
  1885 | D:2      | Reached XP level 3. HP: 22/23 MP: 6/6
  1885 | D:2      | Found a faded altar of an unknown god.
  2107 | D:2      | You pick up a book of Touch and begin reading...
  2611 | D:2      | Reached XP level 4. HP: 29/29 MP: 7/7
  2880 | D:2      | Reached skill level 2 in Stealth
  3399 | D:3      | Reached skill level 2 in Fighting
  3399 | D:3      | Reached skill level 4 in Unarmed Combat
  3711 | D:3      | Identified the +10 short sword of the Valley of Death
                  | {freeze, rC- rN++ MP+9 Int+4}
  4227 | D:4      | Identified the +4 spear of the Eggplant {vorpal, Str-2
                  | Int+8}
  4318 | D:4      | Noticed an ogre
  4354 | D:4      | HP: 3/29 [orc/+0 trident (8)]
  4355 | D:4      | Slain by an orc

Vanquished Creatures
  A centaur skeleton (D:3)
  2 adders
  3 worms
  A dart slug (D:2)
  An orc (D:3)
  7 endoplasms
  A giant cockroach (D:2)
  2 goblins
  A hobgoblin (D:2)
  2 jackals (D:1)
  3 quokkas
  13 ball pythons
  5 bats
  6 frilled lizards
  5 kobolds
  3 rats
56 creatures vanquished.

Vanquished Creatures (others)
  A plant (D:1)
1 creature vanquished.

Grand Total: 57 creatures vanquished

Table legend:
 A = Non-vault XP
 B = Vault XP
 C = Vault XP percentage of total XP
 D = Non-vault monster count
 E = Vault monster count
 F = Vault count percentage of total count
                 A         B        C        D         E       F
            +---------+---------+-------+---------+---------+-------
      Total |     146 |      16 |   9.9 |      53 |       3 |   5.4
            +---------+---------+-------+---------+---------+-------
        D:1 |      33 |       0 |   0.0 |      22 |       0 |   0.0
        D:2 |      38 |      16 |  29.6 |      20 |       3 |  13.0
        D:3 |      71 |       0 |   0.0 |       9 |       0 |   0.0
        D:4 |       4 |       0 |   0.0 |       2 |       0 |   0.0
            +---------+---------+-------+---------+---------+-------

Illustrated notes

Table legend:
 A = Kills in this place as a percentage of kills in entire the game.
 B = Kills by you in this place as a percentage of kills by you in the entire game.
 C = Kills by friends in this place as a percentage of kills by friends in the entire game.
 D = Other kills in this place as a percentage of other kills in the entire game.
 E = Experience gained in this place as a percentage of experience gained in the entire game.
 F = Experience gained in this place divided by the number of levels of this place that you have seen.
                   A       B       C       D       E      F
               +-------+-------+-------+-------+-------+----------------------
         Total | 100.0 | 100.0 |   N/A |   N/A | 100.0 |  40.5
       Dungeon | 100.0 | 100.0 |   N/A |   N/A | 100.0 |  40.5
               +-------+-------+-------+-------+-------+----------------------

Table legend: (Time is in decaauts)
 A = Elapsed time spent in this place.
 B = Non-inter-level travel time spent in this place.
 C = Inter-level travel time spent in this place.
 D = Time resting spent in this place.
 E = Time spent auto-exploring this place.
 F = Levels seen in this place.
 G = Mean time per level.
                   A        B        C        D        E       F      G
               +--------+--------+--------+--------+--------+-----+--------+
         Total |   4346 |   4252 |     94 |      0 |   3851 |   4 | 1086.5 |
       Dungeon |   4346 |   4252 |     94 |      0 |   3851 |   4 | 1086.5 |
               +--------+--------+--------+--------+--------+-----+--------+

Top non-repeatable levels by time:
     D:1: 1877 daAuts
     D:3: 1264 daAuts
     D:2: 1071 daAuts
     D:4: 133 daAuts
